 Dungeon Crawl Stone Soup version 0.28.0-43-g3370ac3207 (webtiles) character file.

Game seed: 13343274004279091792

6 Zeld the Gusty (level 1, 0/10 HPs)
             Began as a Tengu Air Elementalist on Mar 29, 2022.
             Frozen to death by an endoplasm (2 damage)
             ... on level 1 of the Dungeon.
             The game lasted 00:00:32 (284 turns).

Zeld the Gusty (Tengu Air Elementalist)              Turns: 284, Time: 00:00:32

Health: 0/10       AC:  2    Str:  8    XL:     1   Next: 90%
Magic:  0/4        EV: 12    Int: 15    God:
Gold:   29         SH:  0    Dex: 14    Spells: 3/4 levels left

rFire   . . .      SeeInvis .   (no weapon)
rCold   . . .      Faith    .   (no shield)
rNeg    . . .      Spirit   .   a - +0 robe
rPois   .          Reflect  .   (helmet restricted)
rElec   .          Harm     .   (no cloak)
rCorr   .          Rampage  .   (no gloves)
Will    .....                   (boots unavailable)
Stlth   ++........              (no amulet)
HPRegen 0.03/turn               (no ring)
MPRegen 0.09/turn               (no ring)

@: no status effects
A: beak, talons 3
a: no special abilities


You were on level 1 of the Dungeon.
You visited 1 branch of the dungeon, and saw 1 of its levels.

You collected 29 gold pieces.

Inventory:

Armour
 a - a +0 robe (worn)
Potions
 b - a potion of curing {unknown}
 c - a potion of haste {unknown}


   Skills:
 + Level 2.3 Dodging
 + Level 2.0 Stealth
 * Level 2.1 Spellcasting
 + Level 1.5 Conjurations
 * Level 4.2 Air Magic


You had 3 spell levels left.
You knew the following spells:

 Your Spells              Type           Power      Damage    Failure   Level
a - Shock                 Conj/Air       40%        1d5       7%          1

Your spell library contained the following spells:

 Spells                   Type           Power      Damage    Failure   Level
 Static Discharge         Conj/Air       10%        N/A       11%         2
 Swiftness                Air            14%        N/A       12%         3
 Airstrike                Air            7%         N/A       36%         4


Dungeon Overview and Level Annotations

Branches:
Dungeon (1/15)

Altars:


Innate Abilities, Weirdness & Mutations

You have a beak for a mouth.
You have claws for feet.


Message History

The endoplasm is moderately wounded.
Casting: Shock (safe; 7% risk of failure)
Confirm with . or Enter, or press ? or * to list all spells.
Aiming: Shock (safe; 7% risk of failure)
Press: ? - help, Shift-Dir - straight line, f/p - endoplasm
Aim: an endoplasm (moderately wounded, 97% to hit)
The zap hits the endoplasm.
The endoplasm is heavily wounded.
Casting: Shock (safe; 7% risk of failure)
Confirm with . or Enter, or press ? or * to list all spells.
You don't have enough magic to cast this spell.
Unknown command.
Casting: Shock (safe; 7% risk of failure)
Confirm with . or Enter, or press ? or * to list all spells.
You don't have enough magic to cast this spell.
An endoplasm is nearby!
Casting: Shock (safe; 7% risk of failure)
Confirm with . or Enter, or press ? or * to list all spells.
You don't have enough magic to cast this spell.
The endoplasm hits you but does no damage.
You hit the endoplasm but do no damage. Your peck misses the endoplasm.
The endoplasm is heavily wounded.
The endoplasm freezes you.
You are frozen.
Ouch! That really hurt!
Your magical contamination has completely faded away.
You hit the endoplasm but do no damage.
The endoplasm is heavily wounded.
The endoplasm freezes you.
You are frozen.
* * * LOW HITPOINT WARNING * * *
You hit the endoplasm.
The endoplasm is almost dead.
The endoplasm closely misses you.
You are too injured to fight recklessly!
You hit the endoplasm but do no damage.
The endoplasm is almost dead.
The endoplasm freezes you.
You are frozen.
You die...

##### .. ###...#########
...##...#.#?.......
..#.......@J...#
...............♣ P.
..#............♣♣P.
#..#.........P.P. ##
...♣.♣.♣.♣.......... ##.
#..............♣.♣♣ ##..
##♣.♣.♣.♣.........######..P
..................##.......
#####......................


You could see an endoplasm.

Vanquished Creatures
  An endoplasm (D:1)
  A goblin (D:1)
  2 jackals (D:1)
  A rat (D:1)
5 creatures vanquished.

Vanquished Creatures (others)
  A plant (D:1)
1 creature vanquished.

Grand Total: 6 creatures vanquished

Notes
Turn   | Place    | Note
-------+----------+-------------------------------------------
     0 | D:1      | Zeld the Tengu Air Elementalist began the quest for the
                  | Orb.
     0 | D:1      | Reached XP level 1. HP: 10/10 MP: 4/4
   284 | D:1      | Frozen to death by an endoplasm

Illustrated notes

Levels and vault maps discovered:
D:1:      dpeg_arrival_central, layout_basic, serial_forest,
          infiniplex_forest_clump_curved, infiniplex_forest_zigzag_1,
          infiniplex_forest_lined_2, infiniplex_forest_lined_2,
          infiniplex_forest_corner_1, infiniplex_forest_end_3,
          infiniplex_forest_lined_2, infiniplex_forest_straight_4,
          infiniplex_forest_clump_large, infiniplex_forest_straight_3,
          chequers_hall_statues_y, chequers_serial_rivers_micro_c

Action                   || total
-------------------------++-------
Melee: Unarmed           ||    10
       Kick              ||     1
       Punch             ||     1
 Cast: Shock             ||    12
Armor: Robe              ||     2
Dodge: Dodged            ||     4
